 Dungeon Crawl Stone Soup version 0.31.0-12-g77e489cdc1 (webtiles) character file.

Game seed: 1731424878109953937

58 olmar the Apothecary (level 3, -2/24 HPs)
             Began as a Demonspawn Alchemist on Feb 22, 2024.
             Slain by a gnoll
             ... wielding a +0 halberd
              (8 damage)
             ... on level 2 of the Dungeon.
             The game lasted 00:01:53 (1245 turns).

olmar the Apothecary (Demonspawn Alchemist)         Turns: 1245, Time: 00:01:53

Health: -2/24      AC:  2    Str:  8    XL:     3   Next: 75%
Magic:  3/15       EV: 12    Int: 17    God:
Gold:   32         SH:  0    Dex: 13    Spells: 3/6 levels left

rFire   . . .        (no weapon)
rCold   . . .        (no shield)
rNeg    . . .        a - +0 robe
rPois   .            (no helmet)
rElec   .            (no cloak)
rCorr   .            (no gloves)
SInv    .            (no boots)
Will    .....        (no amulet)
Stlth   ++           d - ring of magical power
HPRegen 0.24/turn    (no ring)
MPRegen 0.14/turn

%: no passive effects
@: no status effects
A: demonic touch 2
a: no special abilities


You were on level 2 of the Dungeon.
You visited 1 branch of the dungeon, and saw 2 of its levels.

You collected 32 gold pieces.

Inventory:

Armour
 a - a +0 robe (worn)
Jewellery
 d - a ring of magical power (left hand)
Scrolls
 e - a scroll of teleportation {unknown}
 f - a scroll of poison {unknown}
 i - a scroll of identify {unknown}
Potions
 b - a potion of magic
 c - a potion of curing
 g - a potion of degeneration {unknown}
 h - a potion of might {unknown}


   Skills:
 + Level 0.2 Fighting
 + Level 2.0 Dodging
 + Level 1.8 Stealth
 + Level 2.4 Spellcasting
 + Level 1.7 Conjurations
 + Level 0.1 Air Magic
 + Level 3.8 Alchemy


You had 3 spell levels left.
You knew the following spells:

 Your Spells              Type           Power      Damage    Failure   Level
a - Sting                 Conj/Alch      44%        1d5       6%          1
b - Mercury Vapours       Alch/Air       16%        N/A       12%         2

Your spell library contained the following spells:

 Spells                   Type           Power      Damage    Failure   Level
 Mephitic Cloud           Conj/Alch/Air  8%         N/A       26%         3
 Call Canine Familiar     Summ           2%         N/A       50%         3
 Sigil of Binding         Hex            2%         N/A       50%         3
 Olgreb's Toxic Radiance  Alch           15%        N/A       36%         4
 Sticky Flame             Fire/Alch      8%         2d4       63%         4
 Dimensional Bullseye     Hex/Tloc       1%         N/A       88%         4


Dungeon Overview and Level Annotations

Branches:
Dungeon (2/15)

Altars:


Innate Abilities, Weirdness & Mutations

Your touch may inflict irresistible damage on your foes.


Message History

You are very lightly contaminated with residual magic.
Nothing appears to happen.
You kill the gnoll!
Unknown command.
The sting hits the gnoll but does no damage.
The gnoll looks even sicker.
The sting hits the gnoll.
The gnoll looks as sick as possible!
The gnoll is heavily wounded.
The gnoll hits you with a +0 club.
You are too injured to fight recklessly!
You are too injured to fight recklessly!
You are too injured to fight recklessly!
Aiming: Sting (safe; 6% risk of failure)
Press: ? - help, Q - select action, (/) - cycle Shift-Dir - straight line, f/p - gnoll
Aim: a gnoll, wielding a +0 club (almost dead, extremely poisoned, weak, 75% to hit)
The sting hits the gnoll.
The gnoll looks as sick as possible!
You kill the gnoll!
The gnoll hits you from afar with a +0 halberd.
Okay, then.
Casting: Sting (safe; 6% risk of failure)
Confirm with . or Enter, or press ? or * to list all spells.
Aiming: Mercury Vapours (safe; 12% risk of failure)
Press: ? - help, Dir - move target, f - gnoll
Aim: a gnoll, wielding a +0 halberd (chance to weaken: 100%) Fumes of mercury billow around the gnoll!
The gnoll is poisoned.
The gnoll looks weaker.
The gnoll hits you from afar with a +0 halberd.
* * * LOW HITPOINT WARNING * * *
Unknown command.
It was a potion of curing.
You feel better. The gnoll misses you.
The sting hits the gnoll.
The gnoll looks even sicker.
The gnoll is moderately wounded.
The gnoll hits you from afar with a +0 halberd!
* * * LOW HITPOINT WARNING * * *
Your magical contamination has completely faded away.
You are too injured to fight recklessly!
You are too injured to fight recklessly!
The gnoll attacks as it pursues you!
The gnoll hits you from afar with a +0 halberd!
You die...

########### #.^.......#
#########.# #.# #.# #.#
##########.###
....S)g.@....#
.#########.#.########
#...............#
#.#####..######.# #........#
#.##.# #####.#####.####.##.#
#.####...#..#.......#....#
...............#.##.#.####
.#####.#.#.#...#..#.#.######


You could see a gnoll (very poisoned, weak) and an adder.

Vanquished Creatures
  2 gnolls (D:2)
  3 dart slugs
  4 endoplasms
  A giant cockroach (D:1)
  2 goblins (D:1)
  7 hobgoblins (D:1)
  3 kobolds
  3 quokkas (D:1)
  2 bats (D:1)
  A frilled lizard (D:1)
  A rat (D:1)
29 creatures vanquished.

Notes
Turn   | Place    | Note
-------+----------+-------------------------------------------
     0 | D:1      | olmar the Demonspawn Alchemist began the quest for the Orb.
     0 | D:1      | Reached XP level 1. HP: 13/13 MP: 3/3
   263 | D:1      | Found a faded altar of an unknown god.
   283 | D:1      | Gained mutation: Your touch may inflict minor irresistible
                  | damage on your foes. [demonic ancestry]
   283 | D:1      | Reached XP level 2. HP: 19/19 MP: 5/5
   739 | D:1      | Gained mutation: Your touch may inflict irresistible damage
                  | on your foes. [demonic ancestry]
   739 | D:1      | Reached XP level 3. HP: 24/24 MP: 6/6
  1033 | D:2      | Learned a level 2 spell: Mercury Vapours
  1245 | D:2      | Slain by a gnoll

Illustrated notes

Levels and vault maps discovered:
D:1:      mushboom_english_gardens, layout_rooms,
          hellmonk_ecumenical_altar_zigzags, chequers_serial_rivers_room_b
D:2:      layout_basic, serial_shops, nicolae_shop_statue_plus

Skill      XL: |  1  2 |
---------------+-------+-----
Dodging        | 2 |  2.0
Fighting       | |  0.2
Stealth        | |  1.8
Spellcasting   | |  2.4
Conjurations   | |  1.7
Air Magic      | |  0.1
Alchemy        | |  3.8

Action                     || total
---------------------------++-------
  Melee: Unarmed           ||     4
         Touch             ||     1
   Cast: Sting             ||    67
         Mercury Vapours   ||     5
    Use: Potion            ||     1
 Armour: Robe              ||    16
  Dodge: Dodged            ||    12
